 Dungeon Crawl Stone Soup version 0.31-a0-968-g24f9ace8b5 (webtiles) character file.

Game seed: 3267640642512142288

1327 sammy202020 the Trooper (level 8, -1/51 HPs)
             Began as a Gargoyle Berserker on Oct 28, 2023.
             Was a Priest of Trog.
             Killed from afar by a white imp (9 damage)
             ... with a puff of frost
             ... on level 7 of the Dungeon.
             The game lasted 00:09:30 (6492 turns).

sammy202020 the Trooper (Gargoyle Berserker)        Turns: 6492, Time: 00:09:31

Health: -1/51      AC: 21    Str: 22    XL:     8   Next: 60%
Magic:  8/8        EV:  7    Int:  9    God:    Trog [***...]
Gold:   381        SH:  4    Dex:  9    Spells: 7/7 levels left

rFire   . . .        m - +0 morningstar
rCold   . . .        e - +0 buckler
rNeg    + + .        A - +0 plate armour
rPois   ∞            C - +0 helmet
rElec   +            k - +1 cloak "Holl" {rN+}
rCorr   .            (no gloves)
SInv    .            (no boots)
Will    .....        y - amulet of the acrobat Stlth
                     (no ring)
HPRegen 0.28/turn    (no ring)
MPRegen 0.11/turn

%: acrobat
@: no status effects
A: sickness immunity, AC +5, negative energy resistance 1, electricity
resistance, torment resistance 1, petrification resistance
a: Renounce Religion, Berserk, Trog's Hand


You were on level 7 of the Dungeon.
You worshipped Trog.
Trog was most pleased with you.
You visited 1 branch of the dungeon, and saw 7 of its levels.

You collected 381 gold pieces.

Inventory:

Hand Weapons
 a - a +0 mace
 l - a +0 hand axe
 m - a +0 morningstar (weapon)
Armour
 e - a +0 buckler (worn)
 k - the +1 cloak "Holl" (worn) {rN+}
   (You acquired it on level 5 of the Dungeon)

   rN+:       It protects you from negative energy.
 A - a +0 plate armour (worn)
 C - a +0 helmet (worn)
Jewellery
 i - a ring of magical power
 q - a ring of fire
 u - a ring of ice
 y - an amulet of the acrobat (around neck)
Wands
 z - a wand of roots (7)
Scrolls
 f - 3 scrolls of teleportation
 w - a scroll of revelation
Potions
 b - a potion of berserk rage
 c - a potion of heal wounds
 d - a potion of lignification
 g - 2 potions of might {unknown}
 h - 2 potions of attraction
 j - 3 potions of curing
 o - 3 potions of haste
 p - 2 potions of ambrosia
 r - a potion of degeneration {unknown}
 s - 3 potions of invisibility {unknown}
 t - 3 potions of brilliance {unknown}
 v - a potion of mutation {unknown}
 x - a potion of enlightenment {unknown}


   Skills:
 * Level 6.2 Fighting
 * Level 5.7 Maces & Flails
 * Level 5.7 Armour
 + Level 3.0 Dodging
 * Level 4.9 Shields


You had 7 spell levels left.
You didn't know any spells.
Your spell library was empty.

Dungeon Overview and Level Annotations

Branches:
Dungeon (7/15)             Temple (0/1) D:6

Altars:
Ashenzari
Cheibriados
Gozag
Nemelex Xobeh
Okawaru
Sif Muna
Wu Jian
Xom
Yredelemnul

Shops:
D:4 *

Annotations:
D:4 2 transporters


Innate Abilities, Weirdness & Mutations

You are immune to sickness and miasma.
Your stone body is resilient. (AC +5)
You are immune to poison.
You resist negative energy. (rN+)
You are resistant to electric shocks. (rElec)
You are resistant to unholy torment.
You are immune to petrification.


Message History

You closely miss the steam dragon.
The steam dragon is almost dead.
The steam dragon barely misses you. The steam dragon claws you.
* * * LOW HITPOINT WARNING * * *
The steam dragon bites you but does no damage.
The steam dragon claws you but does no damage.
You puncture the steam dragon!
You kill the steam dragon!
Trog accepts your kill.
The steam dragon scales are intact enough to wear.
Your Dodging skill increases to level 3!
Things that are here:
+0 steam dragon scales; a steam dragon corpse You drop a +0 dagger.
A white imp comes into view.
A white imp is nearby!
A white imp is nearby!
A white imp is nearby!
You start resting.
A white imp is nearby!
A white imp is nearby!
A white imp is nearby!
The white imp gestures at you. The puff of frost hits you.
* * * LOW HITPOINT WARNING * * *
You completely miss the white imp.
The white imp hits you but does no damage.
You closely miss the white imp.
The white imp grins evilly.
The white imp hits you.
* * * LOW HITPOINT WARNING * * *
The white imp freezes you.
* * * LOW HITPOINT WARNING * * *
You barely miss the white imp. The white imp gestures at you.
The puff of frost hits you but does no damage.
An orc warrior comes into view. It is wielding a +0 scimitar.
The white imp gestures at you. The puff of frost hits you!
You die...

.# #. .. .. ##.### .#
... .....# ##.###...
#####....###..#.<...
#.<....$............
#....##..###<#.#
#.......#.#.###...
#..#####.@5............
#....).#............##
######.###.:..###...#
#........# ..#
####......o......
##...#..... .[
#...#.....! .
...........
..<.........


You could see an orc warrior (wandering) and a white imp.

Vanquished Creatures
  2 steam dragons
  2 ogres
  A phantom (D:5)
  A kobold brigand (D:6)
  A bullfrog (D:6)
  A scorpion (D:4)
  3 hounds
  2 jellies (D:4)
  An orc priest (D:5)
  4 iguanas
  2 sleepcaps
  2 orc wizards (D:5)
  12 adders
  A white imp (D:6)
  2 ufetubi (D:6)
  A worm (D:3)
  A dart slug (D:3)
  14 orcs
  15 endoplasms
  5 giant cockroaches
  9 goblins
  10 hobgoblins
  3 jackals (D:1)
  3 quokkas
  3 ball pythons
  3 bats
  4 frilled lizards
  17 kobolds
  7 rats
132 creatures vanquished.

Notes
Turn   | Place    | Note
-------+----------+-------------------------------------------
     0 | D:1      | sammy202020 the Gargoyle Berserker began the quest for the
                  | Orb.
     0 | D:1      | Reached XP level 1. HP: 14/14 MP: 1/1
   121 | D:1      | Reached XP level 2. HP: 14/19 MP: 2/2
   651 | D:1      | Reached XP level 3. HP: 24/24 MP: 3/3
  1155 | D:2      | Reached ** piety under Trog
  1496 | D:2      | Reached skill level 1 in Shields
  1556 | D:2      | Reached XP level 4. HP: 27/29 MP: 4/4
  2001 | D:3      | Found a faded altar of an unknown god.
  2193 | D:3      | Reached skill level 4 in Fighting
  2306 | D:3      | Reached XP level 5. HP: 32/33 MP: 5/5
  2470 | D:3      | Reached *** piety under Trog
  2718 | D:4      | Reached XP level 6. HP: 35/39 MP: 6/6
  2853 | D:4      | Found a transporter.
  2853 | D:4      | Found Ipaeni Omucw's Assorted Antiques.
  3126 | D:4      | Found a transporter.
  3204 | D:4      | Paralysed by an orc for 2 turns
  3314 | D:4      | Found a shimmering altar of Xom.
  3392 | D:5      | Entered Level 5 of the Dungeon
  3416 | D:5      | Reached skill level 5 in Fighting
  3416 | D:5      | Reached XP level 7. HP: 44/44 MP: 7/7
  3495 | D:5      | Found a basalt altar of Yredelemnul.
  4277 | D:5      | Reached skill level 5 in Maces & Flails
  4372 | D:5      | Found an ornate altar of the Wu Jian Council.
  4651 | D:5      | Identified a scroll of acquirement
  4651 | D:5      | Acquired the +1 cloak "Holl" {rN+}
  4762 | D:6      | Found an opulent altar of Gozag.
  4922 | D:6      | Reached skill level 5 in Armour
  4922 | D:6      | Reached XP level 8. HP: 50/50 MP: 8/8
  4973 | D:6      | Reached **** piety under Trog
  5060 | D:6      | Found a shimmering blue altar of Sif Muna.
  5153 | D:6      | Reached skill level 6 in Fighting
  5986 | D:6      | Found a staircase to the Ecumenical Temple.
  6257 | D:6      | Found a sparkling altar of Nemelex Xobeh.
  6257 | D:6      | Found a faded altar of an unknown god.
  6265 | D:6      | Found a broken altar of Ashenzari.
  6267 | D:6      | Found an iron altar of Okawaru.
  6269 | D:6      | Found a snail-covered altar of Cheibriados.
  6492 | D:7      | Killed from afar by a white imp

Illustrated notes

Levels and vault maps discovered:
D:1:      dpeg_arrival_refuge, layout_basic
D:2:      layout_basic
D:3:      minmay_thinvault, layout_basic, serial_corexii_hall,
          corexii_hall_statues_u, chequers_hall_statues_wall_a,
          hellmonk_ecumenical_altar_crossroads
D:4:      layout_rooms, tgw_xom, serial_shops, nicolae_shop_drivethru
D:5:      layout_basic, mainiacjoe_overflow_paths,
          nicolae_wu_jian_glorious_leap, serial_aquarium,
          aquarium_bridge_long_separate [aquarium_subvault_wall,
          aquarium_subvault_bridge, aquarium_subvault_wall,
          aquarium_subvault_wall, aquarium_subvault_wall,
          aquarium_subvault_bridge], aquarium_bridge_square
          [aquarium_subvault_balcony, aquarium_subvault_bridge,
          aquarium_subvault_bridge, aquarium_subvault_bridge],
          aquarium_window_fake, aquarium_window_2, aquarium_view_2e,
          aquarium_balcony_5b
D:6:      layout_basic, mainiacjoe_overflow_alcove_2, pf_just_have_faith,
          chequers_temple_overflow_minitemple, minmay_temple_entry_antechambers
D:7:      layout_rooms, uniq_maggie

Skill      XL: |  1  2  3  4  5  6  7  8 |
---------------+-------------------------+-----
Shields        | 1 2 3 4 |  4.9
Armour         | 3 4 5 |  5.7
Dodging        | 2 3 |  3.0
Fighting       | 4 5 6 |  6.2
Maces & Flails | 4 5 |  5.7

Action                     |  1- 3 |  4- 6 |  7- 9 || total
---------------------------+-------+-------+-------++-------
  Melee: Mace              |   119 |    83 |       ||   202
         Morningstar       |       |   127 |   193 ||   320
 Invoke: Berserk           |       |     1 |     2 ||     3
    Use: Scroll            |     6 |     6 |     3 ||    15
         Potion            |       |     1 |       ||     1
   Stab: Sleeping          |     1 |       |       ||     1
 Armour: Animal skin       |    36 |       |       ||    36
         Chain mail        |    50 |   206 |    97 ||   353
         Plate armour      |       |       |   184 ||   184
  Dodge: Dodged            |    68 |   110 |   119 ||   297
  Block: Buckler           |    15 |    39 |    49 ||   103

Table legend: (Time is in decaauts)
 A = Elapsed time spent in this place.
 B = Non-inter-level travel time spent in this place.
 C = Inter-level travel time spent in this place.
 D = Time resting spent in this place.
 E = Time spent auto-exploring this place.
 F = Levels seen in this place.
 G = Mean time per level.
                   A        B        C        D        E       F      G
               +--------+--------+--------+--------+--------+-----+--------+
         Total |   6667 |   6562 |    105 |   1280 |   3885 |   7 |  952.4 |
       Dungeon |   6667 |   6562 |    105 |   1280 |   3885 |   7 |  952.4 |
               +--------+--------+--------+--------+--------+-----+--------+

Top non-repeatable levels by time:
     D:6: 1710 daAuts
     D:5: 1392 daAuts
     D:1: 1133 daAuts
     D:3: 987 daAuts
     D:4: 848 daAuts
     D:2: 529 daAuts
     D:7: 66 daAuts
